Map: Eternal Empire LE

Players

liquidthermy (uThermal) - Winner!

  • Race: Terran Terran
  • Spawn Location: 1:00

LiquidClem (Clem)

  • Race: Terran Terran
  • League: Master
  • Spawn Location: 7:00

Event: Shopify TSL 5

VOD

Have the link to the VOD?

Description

Time

  • Played on: May 24, 2020, 2:11 p.m.
  • Length: 7:05

All games in this series

Show
View Real Time Build Order
Export as new Build Order

liquidthermy Terran - Winner!

Build Orders:  

Get SALT Encoding   

  12  0:02  SCV  
  13  0:14  SCV  
  13  0:17  Supply Depot  
  14  0:26  SCV  
  15  0:39  SCV  
  15  0:40  Barracks  
  16  0:43  Refinery  
  16  0:51  SCV  
  17  1:00  Barracks  
  17  1:04  SCV  
  18  1:16  SCV  
  19  1:27  Reaper  
  19  1:29  Orbital Command  
  20  1:34  Supply Depot  
  20  1:47  Reaper  
  21  1:55  SCV  
  22  2:04  Reaper  
  22  2:07  SCV  
  24  2:20  Barracks  
  24  2:21  Reaper  
  24  2:22  SCV, Refinery  
  26  2:28  Bunker  
  25  2:34  SCV  
  26  2:39  Supply Depot  
  26  2:40  Reaper  
  27  2:46  SCV  
  27  2:53  Reaper  
  29  2:58  SCV  
  29  3:06  Command Center  
  29  3:09  Reaper  
  29  3:10  SCV  
  29  3:12  Reaper  
  32  3:19  Supply Depot  
  32  3:25  Reaper  
  33  3:31  Supply Depot  
  33  3:32  SCV  
  34  3:42  Reaper  
  34  3:43  Supply Depot  
  34  3:44  Reaper  
  36  3:52  SCV  
  37  3:57  Reaper  
  37  3:58  Supply Depot  
  33  4:11  SCV  
  33  4:14  Reaper  
  35  4:18  Reaper  
  35  4:23  SCV  
  37  4:27  Refinery  
  37  4:31  Factory  
  37  4:35  SCV  
  38  4:40  Orbital Command  
  38  4:41  Reaper  
  39  4:47  SCV  
  39  4:48  Reaper  
  41  4:57  Reaper  
  41  4:59  SCV  
  43  5:06  SCV  
  44  5:07  Bunker  
  44  5:11  SCV  
  44  5:13  Reaper  
  45  5:15  Hellion  
  45  5:18  SCV  
  45  5:20  Reaper, Supply Depot  
  49  5:23  SCV  
  50  5:29  Reaper  
  50  5:30  SCV  
  50  5:33  Refinery  
  52  5:35  SCV  
  52  5:38  Hellion  
  52  5:42  SCV  
  56  5:45  Reaper  
  56  5:48  Command Center  
  56  5:49  SCV  
  58  5:52  Reaper  
  58  5:57  Starport  
  58  6:00  Factory Tech Lab  
  58  6:01  Reaper  
  58  6:03  SCV x2  
  61  6:15  SCV x2  
  61  6:17  Reaper  
  64  6:19  Siege Tank, Supply Depot  
  64  6:25  Engineering Bay, Reaper  
  68  6:27  SCV x2  
  70  6:39  SCV  
  69  6:44  SCV  
  70  6:52  SCV  
Show
View Real Time Build Order
Export as new Build Order

LiquidClem Terran 

Build Orders:  

Get SALT Encoding   

  12  0:00  SCV  
  13  0:12  SCV  
  14  0:17  Supply Depot  
  14  0:24  SCV  
  15  0:39  Barracks  
  15  0:43  Refinery  
  15  0:54  Barracks  
  15  1:08  Barracks  
  15  1:18  Refinery  
  15  1:25  Reaper  
  16  1:37  Supply Depot  
  16  1:43  Reaper  
  17  1:57  Reaper  
  18  2:02  Reaper  
  19  2:16  Reaper  
  21  2:30  Reaper  
  21  2:34  Reaper  
  22  2:49  Reaper  
  22  2:58  Orbital Command  
  21  3:02  Reaper  
  21  3:08  Reaper  
  22  3:21  Reaper  
  22  3:24  SCV  
  24  3:34  Reaper  
  25  3:36  SCV  
  25  3:41  Reaper  
  27  3:52  Factory  
  27  3:54  Reaper  
  28  4:01  SCV  
  28  4:08  Reaper  
  21  4:13  SCV  
  21  4:16  Reaper  
  23  4:25  SCV  
  23  4:29  Reaper  
  25  4:36  Hellion  
  28  4:39  Starport  
  28  4:44  SCV  
  28  4:50  Supply Depot  
  28  4:53  Reaper  
  29  5:01  Hellion  
  31  5:11  SCV, Reaper x2  
  34  5:25  Medivac  
  34  5:27  Hellion  
  37  5:28  SCV  
  37  5:33  Reaper  
  39  5:37  Supply Depot  
  39  5:59  Hellion, Reaper x2  
  44  6:06  Viking  
  44  6:09  Supply Depot  
  46  6:18  Reaper  
  46  6:28  Supply Depot  
  46  6:31  Hellion, Reaper  
  50  6:54  Supply Depot  
Tags
 
Add a new tag
Caveats
  • Supply blocks, unpowered buildings, or Contaminate may cause inaccurate times.
  • Supply counts are checked every 10 seconds.